 Dungeon Crawl Stone Soup version 0.18.1-5-g4a78601 (webtiles) character file.

750 GreamJoe the Ducker (level 7, -3/91 HPs)
             Began as a Minotaur Monk on May 13, 2016.
             Slain by an unseen horror (5 damage)
             ... on level 6 of the Dungeon.
             The game lasted 00:17:43 (3579 turns).

GreamJoe the Ducker (Minotaur Monk)                 Turns: 3579, Time: 00:17:43

Health: -3/91      AC: 23    Str: 20 (22) XL:     7   Next: 48%
Magic:  6/6        EV:  2    Int: 11 (12) God:
Gold:   73         SH:  0    Dex: 11 (13) Spells: 0 memorised, 6 levels left

rFire  + + .     SeeInvis .     M - +1 mace (pain)
rCold  . . .     Gourm    .     (armour currently unavailable)
rNeg   + + +     Faith    .     (no shield)
rPois  +         Spirit   .     (helmet currently unavailable)
rElec  +         Dismiss  .     (cloak currently unavailable)
rCorr  +         Reflect  .     (gloves currently unavailable)
SustAt .         Harm     .     (boots currently unavailable)
MR     .....     NoTele   +     (no amulet)
Stlth  ++........               (no ring)
                                h - ring of fire

@: mighty, brilliant, tree-form, resistant, very slightly contaminated, hasted,
very quick, not resistant to hostile enchantments, unstealthy
A: (retaliatory headbutt), (horns 0)
a: no special abilities


You were on level 6 of the Dungeon.
You were not hungry.
You were a tree.
You visited 1 branch of the dungeon, and saw 6 of its levels.

You collected 247 gold pieces.
You spent 174 gold pieces at shops.

Inventory:

Hand Weapons
 d - a +0 whip
 n - a +0 whip
 o - a +0 whip
 p - a +0 mace
 q - a +0 mace
 r - a +1 short sword of venom
 v - a +0 mace
 L - a +0 flail
 M - a +1 mace of pain (weapon)
Missiles
 c - 3 javelins (quivered)
Armour
 a - a +0 robe
 b - a +0 naga barding
 f - a +0 scale mail
 x - a +0 plate armour (melded)
 J - a +0 pair of gloves
Jewellery
 h - a ring of fire (left branch)
Wands
 t - a wand of paralysis (7/24)
 H - a wand of enslavement (7/24)
Scrolls
 e - a scroll of noise {unknown}
 m - 2 scrolls of identify {unknown}
 u - a scroll of random uselessness {unknown}
 y - 3 scrolls of remove curse {unknown}
 C - 3 scrolls of enchant armour {unknown}
 D - a scroll of recharging {unknown}
 G - 2 scrolls of magic mapping {unknown}
 K - 2 scrolls of amnesia {unknown}
Potions
 F - a potion of degeneration
Comestibles
 g - 5 fruits
 l - a beef jerky
 w - 2 slices of pizza
 B - 2 bread rations
 N - a royal jelly
 O - a meat ration


   Skills:
 + Level 5.2 Fighting
 + Level 1.6 Short Blades
 + Level 2.5 Maces & Flails
 + Level 5.4 Armour
 + Level 5.5 Dodging
 + Level 2.4 Stealth
 + Level 5.1 Unarmed Combat


You had 6 spell levels left.
You didn't know any spells.

Dungeon Overview and Level Annotations

Branches:
Dungeon (6/15)
 Temple: D:4-7

Altars:
Kikubaaqudgha
Sif Muna
Trog
Vehumet
Yredelemnul

Shops:
D:5 (


Innate Abilities, Weirdness & Mutations

((You reflexively headbutt those who attack you in melee.))
((You have a pair of horns on your head.))


Message History

An orc is nearby!
An orc is nearby!
An orc is nearby!
You cannot move.
Unknown command.
You miss something.
Something hits you but does no damage. x2
Unknown command.
Throwing (i - inventory):
c - 5 javelins (quivered)
Press: ? - help, Shift-Dir - straight line, f - orc
Aim: an orc, wielding a club (hasn't noticed you)
You throw a javelin. The orc shouts!
The javelin hits the orc!
You kill the orc!
Something hits you.
* * * LOW HITPOINT WARNING * * *
Throwing (i - inventory):
c - 4 javelins (quivered)
Press: ? - help, Shift-Dir - straight line You throw a javelin.
Something hits you.
You die...

#...............#..
..
#...........#.###...
#.##..#.....#......
#.#####(.......# #.#
#†#......# #.#
###.#......# #.#
#(..##......... .
#.# #..<##.#........
... #.#
#♣..##.##.......
.....#####.#
#...##.# ##.##..
......†.†..#
#...##.# .# .
.###..#.#..#
#.(.##.# .# #.
#.#..# #...#
##..###..###...##
..........).....#
.#..###..######.# #
#...... .#


There were no monsters in sight!

Vanquished Creatures
  An ice beast (D:6)
  A necrophage (D:5)
  A scorpion (D:4)
  2 howler monkeys
  3 crimson imps
  A centaur skeleton (D:6)
  An orc priest (D:3)
  2 hounds (D:6)
  2 orc wizards (D:5)
  An iguana (D:6)
  A worker ant (D:6)
  A hound zombie (D:5)
  4 adders
  A shadow imp (D:5)
  2 dart slugs (D:1)
  3 giant geckos
  5 orcs
  4 ball pythons
  4 giant cockroaches
  3 goblins
  5 hobgoblins
  10 jackals
  2 quokkas
  6 bats
  A giant newt (D:1)
  4 kobolds
  4 rats
  A bush (D:1)
  A toadstool (D:1)
77 creatures vanquished.

Vanquished Creatures (others)
  3 toadstools (D:1)
3 creatures vanquished.

Grand Total: 80 creatures vanquished

Notes
Turn   | Place    | Note
--------------------------------------------------------------
     0 | D:1      | GreamJoe the Minotaur Monk began the quest for the Orb.
     0 | D:1      | Reached XP level 1. HP: 19/19 MP: 0/0
   235 | D:1      | Reached XP level 2. HP: 22/27 MP: 1/1
   545 | D:1      | Reached skill level 5 in Unarmed Combat
   739 | D:2      | Reached XP level 3. HP: 31/33 MP: 2/2
  1280 | D:2      | Reached skill level 1 in Armour
  1642 | D:3      | Found a radiant altar of Vehumet.
  1667 | D:3      | Reached XP level 4. HP: 30/40 MP: 3/3
  1924 | D:4      | Reached XP level 5. HP: 44/47 MP: 4/4
  2242 | D:5      | Entered Level 5 of the Dungeon
  2321 | D:5      | Noticed a necrophage
  2337 | D:5      | Killed a necrophage
  2337 | D:5      | Reached skill level 5 in Dodging
  2337 | D:5      | Reached XP level 6. HP: 44/51 MP: 5/5
  2505 | D:5      | Noticed an ice beast
  2784 | D:5      | Found Fueskum's Weapon Emporium.
  2828 | D:5      | Bought a +1 mace of pain for 174 gold pieces
  2906 | D:5      | Found a basalt altar of Yredelemnul.
  2906 | D:5      | Found an ancient bone altar of Kikubaaqudgha.
  2907 | D:5      | Found a bloodstained altar of Trog.
  2918 | D:5      | Reached skill level 1 in Maces & Flails
  2936 | D:5      | Found a deep blue altar of Sif Muna.
  3043 | D:5      | Reached skill level 1 in Short Blades
  3421 | D:6      | Noticed an ice beast
  3437 | D:6      | Reached skill level 5 in Fighting
  3437 | D:6      | Reached XP level 7. HP: 48/59 MP: 6/6
  3447 | D:6      | Reached skill level 5 in Armour
  3578 | D:6      | HP: 2/91 [something (5)]
  3579 | D:6      | Slain by an unseen horror

Skill      XL: |  1  2  3  4  5  6  7 |
---------------+----------------------+-----
Unarmed Combat | 5 |  5.1
Fighting       | 4 5 |  5.2
Armour         | 1 2 3 4 5 |  5.4
Dodging        | 4 5 |  5.5
Stealth        | 2 |  2.4
Maces & Flails | 1 2 |  2.5
Short Blades   | 1 |  1.6

Action                   |  1- 3 |  4- 6 |  7- 9 || total
-------------------------+-------+-------+-------++-------
Melee: Unarmed           |    95 |       |       ||    95
       Headbutt          |    37 |    17 |     8 ||    62
       Whip              |    66 |       |       ||    66
       Punch             |     4 |     1 |       ||     5
       Short sword       |    23 |    57 |       ||    80
       Mace              |    16 |    41 |    26 ||    83
Throw: Javelin           |     5 |       |     2 ||     7
  Use: Potion            |     1 |       |    10 ||    11
  Eat: Bread ration      |     2 |       |       ||     2
       Fruit             |       |     1 |       ||     1
       Beef jerky        |       |       |     1 ||     1
Armor: Robe              |     2 |       |       ||     2
       Scale mail        |    58 |       |       ||    58
       Plate armour      |       |   107 |    50 ||   157
       Skin              |       |       |    13 ||    13
Dodge: Dodged            |    84 |    41 |    19 ||   144
